 Dungeon Crawl Stone Soup version 0.22.0-5-gf09313c8f9 (webtiles) character file.

34 Htamos the Skirmisher (level 3, 0/30 HPs)
             Began as a Vampire Wanderer on Aug 13, 2018.
             Slain by an orc
             ... wielding a cursed -1 morningstar
              (8 damage)
             ... on level 3 of the Dungeon.
             The game lasted 00:03:58 (514 turns).

Htamos the Skirmisher (Vampire Wanderer)             Turns: 514, Time: 00:03:59

Health: 0/30       AC:  2    Str: 15    XL:     3   Next: 14%
Magic:  3/3        EV: 12    Int: 11    God:
Gold:   20         SH:  0    Dex: 13    Spells: 2/2 levels left

rFire    . . .     SeeInvis +   i - +0 broad axe
rCold    . . .     Gourm    .   (no shield)
rNeg     . . .     Faith    .   d - +0 robe
rPois    .         Spirit   .   (no helmet)
rElec    .         Reflect  .   (no cloak)
rCorr    .         Harm     .   (no gloves)
MR       .....                  (no boots)
Stlth    ++........             (no amulet)
HPRegen  0.30/turn              (no ring)
MPRegen  0.08/turn              (no ring)

@: regenerating quickly
A: fangs 3, see invisible, unbreathing
a: no special abilities


You were on level 3 of the Dungeon.
You were very full.

You visited 1 branch of the dungeon, and saw 3 of its levels.

You collected 20 gold pieces.

Inventory:

Hand Weapons
 a - a +2 dagger
 f - a +0 short sword
 g - a +0 whip
 i - a +0 broad axe (weapon)
Missiles
 e - 7 needles of sleeping
 h - 21 poisoned needles
 n - 8 needles of paralysis
Armour
 d - a +0 robe (worn)
Scrolls
 b - a scroll of fear
 j - a scroll of identify {unknown}
 l - a scroll of fog {unknown}
 m - a scroll of immolation {unknown}
Potions
 c - 2 potions of curing
 k - 2 potions of might {unknown}


   Skills:
 + Level 3.9 Fighting
   Level 1.0 Long Blades
 + Level 0.5 Axes
 - Level 1.0 Throwing
 + Level 1.0 Dodging
 + Level 2.9 Stealth
 - Level 3.5 Unarmed Combat


You had 2 spell levels left.
You didn't know any spells.
Your spell library was empty.

Dungeon Overview and Level Annotations

Branches:
Dungeon (3/15)

Altars:
Trog


Innate Abilities, Weirdness & Mutations

Your natural rate of healing is unusually fast.
You have razor-sharp teeth.
You have supernaturally acute eyesight. (SInv)
You can survive without breathing.


Message History

A goblin comes into view.
You closely miss the rat. The rat misses you.
A frilled lizard comes into view.
The rat bites you but does no damage.
There is a large open door here.
You hit the rat but do no damage. The rat bites you.
* * * LOW HITPOINT WARNING * * *
The rat barely misses you.
You hit the rat.
You kill the rat!
The orc closely misses you.
You barely miss the orc. The orc hits you with a morningstar!
* * * LOW HITPOINT WARNING * * *
You hit the orc.
The orc is almost dead.
The orc completely misses you.
You closely miss the orc.
The orc is almost dead.
The orc closely misses you. The orc hits you with a morningstar!
You die...

.#.#.# ..#.##### ###
#........ #.# #<..#.#
#.###.#^#.# #.......#.#
####.##.##.#
#####.....#.##.#
#.....##......@#######.
#.....###.#.###oS(.....
#.......#.#####l'####..
#.....#...##........#
#.....#..##...†......#
#####...##..........$.#
#####..............
#...............
.....l....(.....


You could see an orc, a ball python and a frilled lizard.

Vanquished Creatures
  2 adders (D:2)
  A dart slug (D:3)
  A giant cockroach (D:2)
  3 goblins
  A hobgoblin (D:2)
  2 kobolds (D:1)
  2 bats (D:1)
  A frilled lizard (D:1)
  2 rats
15 creatures vanquished.

Notes
Turn   | Place    | Note
-------+----------+-------------------------------------------
     0 | D:1      | Htamos the Vampire Wanderer began the quest for the Orb.
     0 | D:1      | Htamos set off with: a +2 dagger, a scroll of fear, 2 potions of curing, a +0 robe, a potion of blood
     0 | D:1      | Reached XP level 1. HP: 18/18 MP: 1/1
   324 | D:2      | Reached XP level 2. HP: 9/25 MP: 2/2
   404 | D:2      | Found a bloodstained altar of Trog.
   451 | D:2      | Reached skill level 1 in Dodging
   451 | D:2      | Reached XP level 3. HP: 4/30 MP: 3/3
   514 | D:3      | Slain by an orc

Skill      XL: |  1  2 |
---------------+-------+-----
Stealth        | 2 |  2.9
Dodging        | 1 |  1.0
Fighting       | |  3.9
Long Blades    | |  1.0
Axes           | |  0.5
Throwing       | |  1.0
Unarmed Combat | |  3.5

Action                   || total
-------------------------++-------
Melee: Whip              ||    18
       Dagger            ||    13
       Short sword       ||     3
       Unarmed           ||     3
       Bite              ||     6
       Punch             ||     1
       Broad axe         ||    26
  Use: Potion            ||     6
Armor: Robe              ||    15
Dodge: Dodged            ||    54
